 Dungeon Crawl Stone Soup version 0.30-a0-715-gdb4ae3ece1 (webtiles) character file.

Game seed: 16605773763745013797

470 sircluck the Covered (level 7, -1/60 HPs)
             Began as a Hill Orc Fighter on Jan 24, 2023.
             Killed by divine providence
             ... invoked by an orc priest
              (11 damage)
             ... on level 4 of the Dungeon.
             The game lasted 00:34:17 (4255 turns).

sircluck the Covered (Hill Orc Fighter)             Turns: 4255, Time: 00:34:18

Health: -1/60      AC:  9    Str: 21    XL:     7   Next: 9%
Magic:  7/7        EV: 10    Int: 14    God:
Gold:   291        SH:  9    Dex: 10    Spells: 6/6 levels left

rFire   . . .      SeeInvis .    a - +0 war axe
rCold   . . .      Faith    .    c - +0 buckler
rNeg    . . .      Spirit   .    b - +0 scale mail
rPois   +          Reflect  +    L - +0 helmet
rElec   .          Harm     .    (no cloak)
rCorr   .          Rampage  .    (no gloves)
Will    .....                    A - +0 pair of boots Stlth
                                 U - amulet of reflection
HPRegen 0.30/turn                d - ring of poison resistance
MPRegen 0.10/turn                v - +6 ring of intelligence

@: no status effects
A: no striking features
a: Convert to Beogh


You were on level 4 of the Dungeon.
You visited 1 branch of the dungeon, and saw 4 of its levels.

You collected 291 gold pieces.

Inventory:

Hand Weapons
 a - a +0 war axe (weapon)
 e - a +0 short sword
 k - a +0 club
 l - a +0 mace
 w - a +0 whip
 y - a +0 halberd
 z - a +0 halberd
 H - a +0 falchion
 I - a +0 sling
 J - a +0 sling
 S - a +0 war axe
 V - a +0 shortbow
Missiles
 f - 35 stones
 s - 5 poisoned darts
 R - 4 javelins
Armour
 b - a +0 scale mail (worn)
 c - a +0 buckler (worn)
 j - a +0 leather armour
 n - a +0 robe
 q - a +2 hat
 r - a +0 ring mail
 A - a +0 pair of boots (worn)
 C - a +1 leather armour of fire resistance
 K - a +0 animal skin
 L - a +0 helmet (worn)
 Y - a +0 leather armour
 Z - a +0 robe
Jewellery
 d - a ring of poison resistance (left hand)
 i - a ring of magical power
 p - a ring of wizardry
 v - a +6 ring of intelligence (right hand)
 U - an amulet of reflection (around neck)
Wands
 x - a wand of digging (5) (quivered)
Scrolls
 g - 4 scrolls of identify {unknown}
 h - 2 scrolls of teleportation {unknown}
 m - a scroll of magic mapping {unknown}
 t - a scroll of vulnerability {unknown}
Potions
 o - a potion of attraction {unknown}


   Skills:
 + Level 4.6 Fighting
 + Level 1.3 Short Blades
 + Level 5.0 Axes
 + Level 5.3 Armour
 + Level 1.8 Dodging
 + Level 0.2 Stealth
 + Level 4.6 Shields
 + Level 0.1 Evocations


You had 6 spell levels left.
You didn't know any spells.
Your spell library contained the following spells:

 Spells                   Type           Power      Damage    Failure   Level
 Portal Projectile        Hex/Tloc       0%         N/A       96%         3
 Tukima's Dance           Hex            0%         N/A       96%         3
 Alistair's Intoxication  Tmut/Pois      0%         N/A       100%        5
 Blade Hands              Tmut           0%         N/A       100%        5
 Borgnjor's Vile Clutch   Necr/Erth      0%         N/A       100%        5
 Eringya's Noxious Bog    Tmut/Pois      0%         N/A       100%        6


Dungeon Overview and Level Annotations

Branches:
Dungeon (4/15)
 Temple: D:4-7

Altars:
Okawaru
Yredelemnul
Beogh

Shops:
D:2 (

Annotations:
D:4 1 runed translucent door, sokol815's ghost, amateur DgFi


Message History

A metal wall.
Okay, then.
You strike the helpless orc priest from behind!
You slash the orc priest!
The orc priest is almost dead.
You hit the orc priest but do no damage.
You block the orc priest's attack. The orc priest barely misses you.
You slash the orc priest!
You kill the orc priest!
You hit the orc priest.
The orc priest miscasts a cantrip.
Your Axes skill increases to level 5!
You closely miss the orc priest.
The orc priest is moderately wounded.
The orc priest invokes the aid of Beogh against you.
Pain shoots through your body!
* * * LOW HITPOINT WARNING * * *
You hit the orc priest.
The orc priest is heavily wounded.
You slash the orc!
You kill the orc!
The orc priest invokes the aid of Beogh against you.
Beogh smites you!
* * * LOW HITPOINT WARNING * * *
You hit the orc priest.
The orc priest is heavily wounded.
Things that are here:
a +0 club; a +0 scale mail You block the orc priest's attack.
You flicker for a moment.
The orc priest casts a cantrip, but nothing happens.
You flicker back into view.
The orc priest attacks as you move away!
The orc priest barely misses you.
The orc priest calls down the wrath of Beogh upon you.
Pain shoots through your body!
* * * LOW HITPOINT WARNING * * *
The orc priest invokes the aid of Beogh against you.
Beogh smites you!
You die... 8

....#..# #.###.###.#
############8.# #.##...##.# #...
......# #.### #.##...##.# ...
#)##### ##'## #.##...##.# ..
#.#### ##...## #o###.###.# .
#....# ##.....## #.###.###.# #
#.##.###.......###.........# #
.<....#.........###oo..##.#######
................@......).........
................###....#..#######
#......#.......## #....#..# #
###...###.....## #...##..# #.
##.## ##...### ##.#...#.# #. ###
##'##.. ...#.###.# #.
#.##.###........# #. #######
#.##.###.##.##### #. ##.....#
##.##.#......


You could see an orc priest and an orc.

Vanquished Creatures
  Grinder (D:4)
  An orc priest (D:4)
  A human skeleton (D:4)
  An orc wizard (D:3)
  Robin (D:2)
  4 gnolls (D:4)
  4 adders
  An ufetubus (D:4)
  A worm (D:3)
  5 dart slugs
  8 orcs
  5 bats
  3 endoplasms (D:1)
  2 giant cockroaches
  14 goblins
  10 hobgoblins
  2 jackals (D:2)
  7 quokkas
  6 ball pythons
  4 frilled lizards
  4 kobolds
  6 rats
91 creatures vanquished.

Vanquished Creatures (others)
  4 fungi (D:1)
  10 plants
14 creatures vanquished.

Grand Total: 105 creatures vanquished

Notes
Turn   | Place    | Note
-------+----------+-------------------------------------------
     0 | D:1      | sircluck the Hill Orc Fighter began the quest for the Orb.
     0 | D:1      | Reached XP level 1. HP: 19/19 MP: 1/1
    84 | D:1      | Reached XP level 2. HP: 26/27 MP: 2/2
   126 | D:1      | Found a faded altar of an unknown god.
   415 | D:1      | Reached XP level 3. HP: 28/33 MP: 3/3
  1052 | D:2      | Found Gugealle's Weapon Boutique.
  1339 | D:2      | Noticed Robin
  1395 | D:2      | Reached XP level 4. HP: 28/40 MP: 4/4
  1411 | D:2      | Killed Robin
  2597 | D:3      | Reached XP level 5. HP: 32/46 MP: 5/5
  2627 | D:3      | Reached skill level 1 in Short Blades
  2633 | D:3      | Reached skill level 1 in Dodging
  3388 | D:3      | Found an iron altar of Okawaru.
  3745 | D:4      | Noticed a human
  3745 | D:4      | Found a runed translucent door.
  3745 | D:4      | Found a basalt altar of Yredelemnul.
  3773 | D:4      | Reached XP level 6. HP: 7/53 MP: 6/6
  3875 | D:4      | Noticed Grinder
  3885 | D:4      | Paralysed by Grinder for 5 turns
  3902 | D:4      | Paralysed by Grinder for 3 turns
  3905 | D:4      | Killed Grinder
  3906 | D:4      | Reached skill level 5 in Armour
  4187 | D:4      | Reached XP level 7. HP: 58/60 MP: 7/7
  4187 | D:4      | Found a runed translucent gate.
  4187 | D:4      | Found a runed translucent gate.
  4191 | D:4      | Identified the +1 ring mail of Hospitality {Dex+6}
  4193 | D:4      | Found a runed translucent gate.
  4193 | D:4      | Noticed sokol815's ghost (amateur DgFi)
  4196 | D:4      | Found a roughly hewn altar of Beogh.
  4233 | D:4      | Reached skill level 5 in Axes
  4255 | D:4      | Killed from afar by an orc priest

Illustrated notes

Levels and vault maps discovered:
D:1:      dpeg_arrival_rhombi, layout_rooms, shapermc_ecumenical_altar_petra,
          minmay_misc_feat_more_columns, amcnicky_mini_pool_small
D:2:      cheibrodos_old_hovel, layout_loops_corners, serial_shops, shop,
          uniq_robin
D:3:      layout_rooms, general_overflow_altar, minmay_liquid_box
D:4:      layout_loops_corners, dk_yredelemnul_ordeal,
          biasface_ghost_orc_armoury, uniq_eustachio, uniq_grinder

Skill      XL: |  1  2  3  4  5  6  7 |
---------------+----------------------+-----
Axes           | 3 4 5 |  5.0
Fighting       | 4 |  4.6
Armour         | 4 5 |  5.3
Shields        | 4 |  4.6
Short Blades   | 1 |  1.3
Dodging        | 1 |  1.8
Stealth        | |  0.2
Evocations     | |  0.1

Action                     |  1- 3 |  4- 6 |  7- 9 || total
---------------------------+-------+-------+-------++-------
  Melee: War axe           |    45 |    60 |    17 ||   122
         Short sword       |   114 |   161 |       ||   275
  Evoke: Wand              |       |     2 |       ||     2
    Use: Potion            |       |     8 |     2 ||    10
   Stab: Invisible         |       |       |     1 ||     1
 Armour: Scale mail        |    88 |   129 |     3 ||   220
         Animal skin       |       |     9 |       ||     9
  Dodge: Dodged            |    80 |   140 |     9 ||   229
  Block: Buckler           |    38 |    93 |    11 ||   142
         Reflection        |       |     1 |       ||     1

Table legend: (Time is in decaauts)
 A = Elapsed time spent in this place.
 B = Non-inter-level travel time spent in this place.
 C = Inter-level travel time spent in this place.
 D = Time resting spent in this place.
 E = Time spent auto-exploring this place.
 F = Levels seen in this place.
 G = Mean time per level.
                   A        B        C        D        E       F      G
               +--------+--------+--------+--------+--------+-----+--------+
         Total |   4278 |   3895 |    383 |      0 |      0 |   4 | 1069.5 |
       Dungeon |   4278 |   3895 |    383 |      0 |      0 |   4 | 1069.5 |
               +--------+--------+--------+--------+--------+-----+--------+

Top non-repeatable levels by time:
     D:2: 1834 daAuts
     D:3: 1140 daAuts
     D:1: 767 daAuts
     D:4: 535 daAuts
